 Dungeon Crawl Stone Soup version 0.21-a0-104-g7b58145 (webtiles) character file.

6 MackTheKnife the Vexing (level 1, -1/20 HPs)
             Began as an Ogre Arcane Marksman on July 6, 2017.
             Slain by a kobold
             ... wielding a +2 dagger of protection
              (7 damage)
             ... on level 1 of the Dungeon.
             The game lasted 00:01:28 (140 turns).

MackTheKnife the Vexing (Ogre Arcane Marksman)       Turns: 140, Time: 00:01:29

Health: -1/20      AC:  3    Str: 13    XL:     1   Next: 90%
Magic:  2/2        EV: 10    Int: 14    God:
Gold:   22         SH:  0    Dex:  9    Spells: 1/2 levels left

rFire    . . .     SeeInvis .   g - +0 spear
rCold    . . .     Gourm    .   (no shield)
rNeg     . . .     Faith    .   a - +0 robe
rPois    .         Spirit   .   (helmet restricted)
rElec    .         Reflect  .   (no cloak)
rCorr    .         Harm     .   (gloves unavailable)
MR       .....                  (boots unavailable)
Stlth    +.........             (no amulet)
HPRegen  0.06/turn              (no ring)
MPRegen  0.08/turn              (no ring)

@: no status effects
A: unfitting armour, tough skin 1
a: no special abilities


You were on level 1 of the Dungeon.
You were not hungry.

You visited 1 branch of the dungeon, and saw 1 of its levels.

You collected 22 gold pieces.

Inventory:

Hand Weapons
 g - a +0 spear (weapon)
   (You found it on level 1 of the Dungeon)
Missiles
 c - 3 large rocks (quivered) {!d}
 d - 2 throwing nets {=f, !d}
Armour
 a - a +0 robe (worn)
Scrolls
 h - a scroll of amnesia {unknown}
 i - a scroll of immolation {unknown}
 j - a scroll of recharging {unknown}
Potions
 e - a potion of haste {unknown}
Books
 b - a book of Debilitation
Comestibles
 f - a bread ration {@e1}


   Skills:
 + Level 2.0 Fighting
 + Level 2.3 Throwing
 - Level 1.7 Dodging
 - Level 1.2 Spellcasting
 - Level 2.6 Hexes


You had one spell level left.
You knew the following spells:

 Your Spells              Type           Power        Failure   Level  Hunger
v - Corona                Hex            #......      9%          1    ##.....


Dungeon Overview and Level Annotations

Branches:
Dungeon (1/15)

Altars:


Innate Abilities, Weirdness & Mutations

You are too large for most types of armour.
You have tough skin. (AC +1)


Message History

Wield which item (- for none, * to show all)? (? for menu, Esc to quit)
Okay, then.
Drop what? 9/52 slots (_ for help) (? for menu, Esc to quit)
You drop a runed dagger.
Health restored: 19 You see here a spear.
g - a spear You see here a runed dagger.
You see here a rat corpse.
A dart slug comes into view.
Wield which item (- for none, * to show all)? (? for menu, Esc to quit)
g - a +0 spear (weapon)
Attack whom?
Aim: a dart slug You reach to attack!
You hit the dart slug. You hit the dart slug.
The dart slug bites you but does no damage.
You hit the dart slug. The dart slug launches a dart at you.
The slug dart hits you!
You take 3 damage, and have 16/19 hp.
You hit the dart slug.
You kill the dart slug!
No target in view!
No target in view!
No target in view!
You see here a dart slug corpse.
A rat comes into view.
A rat is nearby!
Okay, then.
Attack whom?
Aim: a rat You reach to attack!
You hit the rat but do no damage. You closely miss the rat.
The rat barely misses you. The rat closely misses you.
You barely miss the rat. The rat bites you but does no damage.
You hit the rat. The rat bites you.
You take 1 damage, and have 16/20 hp.
You hit the rat.
You kill the rat!
You see here a rat corpse.
You now have 10 gold pieces.
You now have 22 gold pieces (gained 12).
j - a scroll labeled ULYEGI XUAS A hobgoblin and a kobold come into view.
The kobold is wielding a dagger of protection.
The hobgoblin shouts!
The kobold throws a stone.
The stone hits you.
You see here a stone.
There are monsters nearby!
There are monsters nearby!
Here: a kobold, wielding a dagger of protection A ring mail.
The floor.
Unknown command.
You hit the kobold but do no damage. The kobold closely misses you.
You hit the kobold but do no damage. The kobold closely misses you.
You closely miss the kobold. The kobold hits you but does no damage.
You hit the kobold but do no damage.
The kobold hits you with a dagger of protection.
You take 1 damage, and have 16/20 hp.
You barely miss the kobold. The kobold closely misses you.
You hit the kobold but do no damage.
The kobold hits you with a dagger of protection.
You take 2 damage, and have 14/20 hp.
You hit the kobold. The kobold barely misses you.
You barely miss the kobold. The kobold hits you but does no damage.
The kobold hits you with a dagger of protection.
You take 1 damage, and have 13/20 hp.
You hit the kobold but do no damage. The kobold completely misses you.
You closely miss the kobold. The kobold completely misses you.
You barely miss the kobold. The kobold closely misses you.
You barely miss the kobold. The kobold hits you but does no damage.
You closely miss the kobold. The kobold barely misses you.
You hit the kobold but do no damage. The kobold closely misses you.
You hit the kobold but do no damage. The kobold hits you but does no damage.
You hit the kobold but do no damage.
The kobold hits you with a dagger of protection.
You take 4 damage, and have 10/20 hp.
You hit the kobold.
The kobold hits you with a dagger of protection.
You take 1 damage, and have 9/20 hp.
You barely miss the kobold.
The kobold hits you with a dagger of protection.
The kobold hits you but does no damage.
You take 2 damage, and have 7/20 hp.
You barely miss the kobold. The kobold misses you.
You hit the kobold but do no damage. The kobold completely misses you.
You closely miss the kobold.
The kobold hits you with a dagger of protection.
* * * LOW HITPOINT WARNING * * *
You take 1 damage, and have 6/20 hp.
Aim: a kobold, wielding a dagger of protection (heavily wounded)
You throw a large rock {!d}.
The large rock {!d} barely misses the kobold.
The large rock {!d} hits the hobgoblin!!
You kill the hobgoblin!
Your Fighting skill increases to level 2!
The kobold hits you with a dagger of protection!
You die...

##.## #.#..##..##..
####†######.#....##..##
#................##.<#
#.##.##..##.#..##..##..
# #.##..#.....##..# ..
#.............# ##
####..#.......#
##.#####(.##.##.#...
.....(K@........#....
####.#######.#... ..#
#....## .. ... ..


You could see a kobold.

Vanquished Creatures
  A dart slug (D:1)
  A hobgoblin (D:1)
  3 rats (D:1)
5 creatures vanquished.

Notes
Turn   | Place    | Note
-------+----------+-------------------------------------------
     0 | D:1      | MackTheKnife the Ogre Arcane Marksman began the quest for the Orb.
     0 | D:1      | Reached XP level 1. HP: 19/19 MP: 2/2
   140 | D:1      | Reached skill level 2 in Fighting
   140 | D:1      | Slain by a kobold

Vault maps used:
D:1:      lightli_iron_boxes

Skill      XL: |  1 |
---------------+----+-----
Fighting       | 2 |  2.0
Throwing       | |  2.3
Dodging        | |  1.7
Spellcasting   | |  1.2
Hexes          | |  2.6

Action                   || total
-------------------------++-------
Melee: Spear             ||    30
       Unarmed           ||     4
Throw: Large rock        ||     2
Armor: Robe              ||     5
Dodge: Dodged            ||    14

Vault maps used:
D:1:      lightli_iron_boxes

Table legend:
 A = Turns spent in this place as a percentage of turns spent in the entire game.
 B = Non-inter-level travel turns spent in this place as a percentage of non-inter-level travel turns spent in the entire game.
 C = Inter-level travel turns spent in this place as a percentage of turns spent in this place.
 D = Turns resting spent in this place as a percentage of non-inter-level travel turns spent in this place.
 E = Turns spent auto-exploring this place as a percentage of non-inter-level travel turns spent in this place.
 F = Non-inter-level travel turns spent in this place divided by the number of levels of this place that you've seen.
                   A       B       C       D       E      F
               +-------+-------+-------+-------+-------+----------------------
         Total | 100.0 | 100.0 |   0.0 |   0.0 |   9.2 |  98.0
       Dungeon | 100.0 | 100.0 |   0.0 |   0.0 |   9.2 |  98.0
               +-------+-------+-------+-------+-------+----------------------

Table legend:
 A = Kills in this place as a percentage of kills in entire the game.
 B = Kills by you in this place as a percentage of kills by you in the entire game.
 C = Kills by friends in this place as a percentage of kills by friends in the entire game.
 D = Other kills in this place as a percentage of other kills in the entire game.
 E = Experience gained in this place as a percentage of experience gained in the entire game.
 F = Experience gained in this place divided by the number of levels of this place that you have seen.
                   A       B       C       D       E      F
               +-------+-------+-------+-------+-------+----------------------
         Total | 100.0 | 100.0 |  -nan |  -nan | 100.0 |   9.0
       Dungeon | 100.0 | 100.0 |  -nan |  -nan | 100.0 |   9.0
               +-------+-------+-------+-------+-------+----------------------
